 Dungeon Crawl Stone Soup version 0.25-a0-869-g05d4e06a41 (webtiles) character file.

Game seed: 5273530768079331143, levelgen mode: deterministic

165 Maedhros the Poker (level 5, -10/36 HPs)
             Began as an Octopode Chaos Knight on May 1, 2020.
             Was a Plaything of Xom.
             Mangled by an orc warrior
             ... wielding a +0 short sword
              (11 damage)
             ... on level 5 of the Dungeon.
             The game lasted 00:01:19 (849 turns).

Maedhros the Poker (Octopode Chaos Knight)           Turns: 849, Time: 00:01:19

Health: -10/36     AC:  1    Str: 11    XL:     5   Next: 46%
Magic:  5/5        EV: 13    Int: 14    God:    Xom [..*...]
Gold:   25         SH:  0    Dex: 13    Spells: 4/4 levels left

rFire    . . .     SeeInvis .   a - +0 spear (chaos)
rCold    . . .     Gourm    .   (no shield)
rNeg     . . .     Faith    .   (helmet restricted)
rPois    .         Spirit   .   (no amulet)
rElec    .         Reflect  .   (no ring)
rCorr    .         Harm     .   (no ring)
MR       .....                  (no ring)
Stlth    ++........             (no ring)
HPRegen  0.12/turn              (no ring)
MPRegen  0.09/turn              (no ring)
                                (no ring)
                                (no ring)

@: no status effects
A: almost no armour, stealthy swim, amphibious, 8 rings, constrict 8, camouflage
1, gelatinous body 1
a: Renounce Religion


You were on level 5 of the Dungeon.
You worshipped Xom.
You were a toy of Xom.
You were not hungry.

You visited 1 branch of the dungeon, and saw 5 of its levels.

You collected 25 gold pieces.

Inventory:

Hand Weapons
 a - a +0 spear of chaos (weapon)
Scrolls
 d - a scroll of magic mapping
 g - a scroll of enchant armour {unknown}
Comestibles
 b - 2 rations


   Skills:
 - Level 3.0 Fighting
 + Level 6.0 Polearms
 - Level 2.3 Dodging


You had 4 spell levels left.
You didn't know any spells.
Your spell library was empty.

Dungeon Overview and Level Annotations

Branches:
Dungeon (5/15)
 Temple: D:4-7

Altars:

Annotations:
D:2 1 runed translucent door, Crazy Yiuf


Innate Abilities, Weirdness & Mutations

You cannot wear most types of armour.
You are very stealthy in the water. (Stealth+)
You are amphibious.
You can wear up to eight rings at the same time.
You can use your tentacles to constrict eight enemies at once.
Your skin changes colour to match your surroundings (Stealth+).
Your rubbery body absorbs attacks. (AC +1, EV +1)


Message History

The orc warrior is no longer moving slowly.
Attack whom?
Press: ? - help, Dir - move target cursor, f/p - orc warrior
Aim: an orc warrior, wielding a +0 short sword and wearing a +0 chain mail (unusually agile)
You reach to attack!
You hit the orc warrior but do no damage.
Attack whom?
Press: ? - help, Dir - move target cursor, f/p - orc warrior
Aim: an orc warrior, wielding a +0 short sword and wearing a +0 chain mail (unusually agile)
You hit the orc warrior but do no damage.
The orc warrior seems to speed up.
You grab the orc warrior. You constrict the orc warrior.
The orc warrior hits you with a +0 short sword!
* * * LOW HITPOINT WARNING * * *
You release your grip on the orc warrior.
The orc warrior closely misses you.
There is an open door here.
The orc warrior hits you with a +0 short sword!
You die...
Xom guffaws!

####### #...[.#
#.###.############
#.###.............
#@##......########
#.o'......'......)
####......########
#......# #......#
........#
......#...#
......#...#
......#...#


You could see an orc warrior.

Vanquished Creatures
  A centaur (D:5)
  An orc priest (D:5)
  An orc wizard (D:4)
  An adder (D:2)
  A dart slug (D:4)
  A leopard gecko (D:4)
  3 orcs
  A giant cockroach (D:4)
  A goblin (D:2)
  A frilled lizard (D:1)
  2 kobolds
  A leopard gecko zombie (D:5)
  3 rats
18 creatures vanquished.

Notes
Turn   | Place    | Note
-------+----------+-------------------------------------------
     0 | D:1      | Maedhros the Octopode Chaos Knight began the quest for the
                  | Orb.
     0 | D:1      | Reached XP level 1. HP: 16/16 MP: 1/1
    89 | D:2      | XOM: divination: detect creatures
   180 | D:2      | Found a runed translucent door.
   181 | D:2      | Noticed Crazy Yiuf
   257 | D:2      | Reached XP level 2. HP: 20/21 MP: 2/2
   390 | D:4      | Reached skill level 4 in Polearms
   393 | D:4      | XOM: potion effect (stabbing)
   397 | D:4      | Reached XP level 3. HP: 11/26 MP: 3/3
   554 | D:5      | XOM: noise
   554 | D:5      | Entered Level 5 of the Dungeon
   566 | D:5      | XOM: 1-stop teleportation journey
   729 | D:5      | Noticed a centaur
   741 | D:5      | Killed a centaur
   741 | D:5      | Reached skill level 5 in Polearms
   741 | D:5      | Reached XP level 4. HP: 17/31 MP: 4/4
   741 | D:5      | Reached XP level 5. HP: 20/36 MP: 5/5
   762 | D:5      | Reached skill level 6 in Polearms
   777 | D:5      | Noticed an orc warrior
   790 | D:5      | XOM: confuse monster(s)
   829 | D:5      | XOM: enchant monster (good)
   845 | D:5      | HP: 1/36 [orc warrior/+0 short sword (16)]
   849 | D:5      | Mangled by an orc warrior

Levels and vault maps discovered:
D:1:      dpeg_arrival_simpleton_b, layout_loops_corners
D:2:      layout_loops_corners, uniq_crazy_yiuf_cottage, uniq_robin
D:3:      layout_loops_ring, overflow_temple_1_default
D:4:      layout_cave_pods, lemuel_crystal_altar
D:5:      cheibrodos_two_vegetables, layout_basic, basic_altar, first_ration,
          nicolae_qazlal_style_of_elements, uniq_menkaure

Skill      XL: |  1  2  3  4  5 |
---------------+----------------+-----
Polearms       | 4 5 6 |  6.0
Fighting       | |  3.0
Dodging        | |  2.3

Action                   |  1- 3 |  4- 6 || total
-------------------------+-------+-------++-------
Melee: Spear             |    36 |    17 ||    53
       Constrict         |     7 |     3 ||    10
       Tentacles         |     7 |     2 ||     9
  Use: Scroll            |     2 |       ||     2
       Potion            |     1 |       ||     1
 Stab: Sleeping          |     3 |       ||     3
Armor: Skin              |     4 |     1 ||     5
Dodge: Dodged            |    17 |     3 ||    20

Table legend:
 A = Non-vault XP
 B = Vault XP
 C = Vault XP percentage of total XP
 D = Non-vault monster count
 E = Vault monster count
 F = Vault count percentage of total count
                 A         B        C        D         E       F
            +---------+---------+-------+---------+---------+-------
      Total |     236 |       0 |   0.0 |      18 |       0 |   0.0
            +---------+---------+-------+---------+---------+-------
        D:1 |       2 |       0 |   0.0 |       2 |       0 |   0.0
        D:2 |      19 |       0 |   0.0 |       5 |       0 |   0.0
        D:3 |       1 |       0 |   0.0 |       1 |       0 |   0.0
        D:4 |      55 |       0 |   0.0 |       6 |       0 |   0.0
        D:5 |     159 |       0 |   0.0 |       4 |       0 |   0.0
            +---------+---------+-------+---------+---------+-------
